 Dungeon Crawl Stone Soup version 0.26.1-11-gd32895ea62 (webtiles) character file.

Game seed: 1215142821814484019

263 Arcadio the Grasshopper (level 5, -2/43 HPs)
             Began as a Palentonga Warper on May 18, 2021.
             Slain by an ogre
             ... wielding a +0 giant club
              (27 damage)
             ... on level 3 of the Dungeon.
             The game lasted 00:09:29 (4017 turns).

Arcadio the Grasshopper (Palentonga Warper)         Turns: 4017, Time: 00:09:32

Health: -2/43      AC:  5    Str: 15    XL:     5   Next: 97%
Magic:  6/8        EV: 10    Int: 13    God:
Gold:   145        SH:  0    Dex: 10    Spells: 0/8 levels left

rFire    . . .     SeeInvis +   f - +3 dagger (speed)
rCold    . . .     Faith    .   (no shield)
rNeg     . . .     Spirit   .   b - +1 leather armour
rPois    .         Reflect  .   (no helmet)
rElec    .         Harm     .   (no cloak)
rCorr    .         Rampage  .   (no gloves)
Will     .....                  (no barding)
Stlth    +.........             (no amulet)
HPRegen  0.14/turn              (no ring)
MPRegen  0.11/turn              (no ring)

@: very slightly contaminated
A: large, rugged brown scales 3, see invisible, deformed body, roll 1, armoured
tail
a: Rolling Charge


You were on level 3 of the Dungeon.
You visited 1 branch of the dungeon, and saw 4 of its levels.

You collected 145 gold pieces.

Inventory:

Hand Weapons
 a - a +0 short sword
 f - a +3 dagger of speed (weapon)
Missiles
 e - 4 boomerangs of dispersal
Armour
 b - a +1 leather armour (worn)
Wands
 k - a wand of polymorph (8)
Scrolls
 c - 3 scrolls of teleportation
 d - 2 scrolls of blinking
 g - a scroll of enchant weapon
 i - 2 scrolls of amnesia {unknown}
 l - a scroll of noise {unknown}
 m - 2 scrolls of remove curse
 n - a scroll of fear {unknown}
 o - a scroll of identify
 s - a scroll of immolation {unknown}
Potions
 h - 2 potions of heal wounds
 j - a potion of cancellation {unknown}
 p - a potion of ambrosia {unknown}
 q - a potion of flight {unknown}
 r - a potion of might {unknown}
 t - a potion of resistance {unknown}
 u - a potion of curing {unknown}


   Skills:
 - Level 2.0 Fighting
 + Level 3.5 Short Blades
 - Level 0.6 Throwing
 + Level 2.3 Armour
 + Level 2.9 Dodging
 - Level 2.0 Spellcasting
 + Level 4.2 Translocations


You couldn't memorise any spells.
You knew the following spells:

 Your Spells              Type           Power        Failure   Level
a - Blink                 Tloc           N/A          9%          2
b - Gell's Gravitas       Tloc           6%           16%         3
c - Lesser Beckoning      Tloc           6%           16%         3

Your spell library contained the following spells:

 Spells                   Type           Power        Failure   Level
 Teleport Other           Tloc           12%          16%         3
 Passage of Golubria      Tloc           N/A          47%         4


Dungeon Overview and Level Annotations

Branches:
Dungeon (4/15)
 Temple: D:4-7

Altars:
Gozag


Innate Abilities, Weirdness & Mutations

You are completely covered in rugged brown scales. (AC +3, +7% HP)
You have supernaturally acute eyesight. (SInv)
Armour fits poorly on your strangely shaped body.
You can roll at nearby foes to attack.
You have a long armoured tail.


Message History

You hit the orc priest.
You kill the orc priest!
Items here: )) [[ †.
HP restored.
Done exploring.
Items here: )) [[ ÷.
There is a stone staircase leading down, spattered with blood here.
You climb downwards.
There is a stone staircase leading up, spattered with blood here.
The ogre hits you with a +0 giant club!!
You climb upwards.
There is a stone staircase leading down, spattered with blood here.
Casting: Lesser Beckoning (dangerous; 16% risk of failure)
Confirm with . or Enter, or press ? or * to list all spells.
You miscast Blink.
You are very lightly contaminated with residual magic.
Nothing appears to happen.
The ogre hits you with a +0 giant club!!
Ouch! That really hurt!
You die...

..##..##.###......†........##
..###...........###.........#
.## #............##.........#
.# ###...........#>........#
## #...........#.........# #
#........#..#.........# #
#........##..#.......## #
#...................## ##
#.........@O....##### .##
#########.......# 8.#
#####..## ..### ###..####
....# #.......# ..#.#
#.......# 8.#.## #.......#
.##..# #[>.....#
####.######## #.[[....#


You could see an ogre.

Vanquished Creatures
  3 orc priests
  An orc wizard (D:2)
  Robin (D:2)
  3 adders (D:2)
  2 worms
  A dart slug (D:2)
  2 leopard geckos
  11 orcs
  2 ball pythons (D:3)
  6 bats
  4 giant cockroaches
  16 goblins
  8 hobgoblins
  7 jackals
  A quokka (D:3)
  4 frilled lizards
  8 kobolds
  7 rats
87 creatures vanquished.

Notes
Turn   | Place    | Note
-------+----------+-------------------------------------------
     0 | D:1      | Arcadio the Palentonga Warper began the quest for the Orb.
     0 | D:1      | Reached XP level 1. HP: 18/18 MP: 3/3
   228 | D:1      | Reached skill level 1 in Armour
   247 | D:1      | Reached XP level 2. HP: 9/25 MP: 5/5
   829 | D:1      | Reached XP level 3. HP: 27/31 MP: 6/6
   832 | D:1      | Learned a level 2 spell: Blink
   836 | D:1      | Learned a level 3 spell: Gell's Gravitas
  1544 | D:2      | Noticed Robin
  1572 | D:2      | Killed Robin
  1711 | D:1      | Reached XP level 4. HP: 34/38 MP: 7/7
  2661 | D:2      | Reached XP level 5. HP: 24/43 MP: 8/8
  2845 | D:3      | Learned a level 3 spell: Lesser Beckoning
  3081 | D:3      | Reached skill level 4 in Translocations
  3145 | D:3      | Found an opulent altar of Gozag.
  3688 | D:4      | Noticed an ogre
  4017 | D:3      | Slain by an ogre

Illustrated notes

Levels and vault maps discovered:
D:1:      dpeg_arrival_rooms_c, layout_basic, serial_forest,
          infiniplex_forest_straight_5, infiniplex_forest_clump_long,
          infiniplex_forest_pool, infiniplex_forest_lined_room_2,
          infiniplex_forest_zigzag_1, infiniplex_forest_fountain,
          infiniplex_forest_clump_cross, infiniplex_forest_end_double,
          infiniplex_forest_lined_room_3, infiniplex_forest_straight_5,
          st_stairs_9
D:2:      layout_basic, uniq_robin
D:3:      layout_rooms, grunt_gozag_statues
D:4:      layout_rooms, minmay_temple_entry_arrows, minmay_misc_feat_five

Skill      XL: |  1  2  3  4  5 |
---------------+----------------+-----
Armour         | 1 2 |  2.3
Dodging        | 2 |  2.9
Short Blades   | 3 |  3.5
Translocations | 4 |  4.2
Fighting       | |  2.0
Throwing       | |  0.6
Spellcasting   | |  2.0

Action                   |  1- 3 |  4- 6 || total
-------------------------+-------+-------++-------
Melee: Short sword       |    73 |       ||    73
       Tailslap          |    13 |    23 ||    36
       Dagger            |    78 |   209 ||   287
Throw: Boomerang         |       |     1 ||     1
 Cast: Lesser Beckoning  |       |     1 ||     1
 Abil: Rolling Charge    |       |     2 ||     2
  Use: Scroll            |     2 |     3 ||     5
       Potion            |       |     1 ||     1
Armor: Leather armour    |    48 |    43 ||    91
Dodge: Dodged            |    65 |    68 ||   133
